Map: Glittering Ashes LE

Players

Bunny

  • Race: Terran Terran

ByuN - Winner!

  • Race: Terran Terran

Event: TSL 8

VOD

Have the link to the VOD?

Description

Time

  • Played on: Dec. 10, 2021, 9:30 a.m.
  • Length: 17:22

All games in this series

Show
View Real Time Build Order
Export as new Build Order

Bunny Terran 

Build Orders:  

Get SALT Encoding   

  12  0:00  SCV  
  13  0:12  SCV  
  14  0:17  Supply Depot  
  14  0:24  SCV  
  15  0:38  SCV  
  15  0:40  Barracks  
  16  0:43  Refinery  
  16  0:50  SCV  
  16  0:52  Refinery  
  17  1:03  SCV  
  18  1:15  SCV  
  19  1:27  Reaper, Orbital Command  
  19  1:28  Supply Depot  
  20  1:41  Factory  
  20  1:53  SCV  
  21  1:59  Reaper  
  22  2:02  Supply Depot  
  22  2:05  SCV  
  23  2:17  SCV  
  24  2:29  SCV  
  25  2:31  Hellion  
  27  2:37  Command Center  
  27  2:41  SCV  
  27  2:53  Barracks Reactor, SCV, Factory Tech Lab  
  28  3:04  Supply Depot  
  27  3:06  Starport, SCV  
  27  3:12  Cyclone  
  31  3:18  SCV  
  32  3:29  Marine x2  
  32  3:30  SCV  
  35  3:42  SCV, Starport Tech Lab  
  35  3:44  Siege Tank  
  35  3:47  Marine x2  
  41  3:49  Orbital Command  
  41  3:54  SCV  
  42  3:57  Refinery  
  42  4:04  Supply Depot  
  42  4:06  SCV  
  43  4:13  Raven  
  43  4:14  Marine x2  
  43  4:16  SCV  
  48  4:18  SCV  
  49  4:31  SCV x2  
  49  4:35  Command Center  
  50  4:39  Marine x2  
  50  4:44  Siege Tank  
  55  4:46  SCV x2  
  57  4:59  SCV x2  
  57  5:09  Barracks  
  57  5:10  Barracks  
  57  5:11  Stimpack  
  57  5:12  Starport Reactor  
  57  5:14  SCV  
  58  5:18  SCV  
  58  5:19  Marine  
  59  5:23  Siege Tank  
  59  5:26  SCV  
  63  5:30  SCV  
  64  5:38  SCV  
  64  5:39  Engineering Bay  
  64  5:41  Engineering Bay  
  64  5:42  SCV  
  66  5:43  Marine  
  66  5:48  Orbital Command  
  67  5:50  SCV  
  67  5:54  SCV  
  67  5:55  Siege Tank  
  72  5:59  Starport Reactor  
  72  6:02  SCV  
  73  6:05  Marine x2  
  73  6:06  SCV, Marine x2  
  73  6:07  Marine  
  79  6:14  Terran Infantry Weapons Level 1, Refinery  
  79  6:19  Terran Infantry Armor Level 1  
  79  6:27  Siege Tank  
  79  6:28  Marine, Orbital Command  
  79  6:29  Marine x2  
  79  6:32  Supply Depot  
  85  6:35  Supply Depot  
  85  6:41  Supply Depot  
  85  6:46  Supply Depot  
  85  6:52  Combat Shield  
  85  6:53  SCV x2, Medivac x2, Marine  
  91  6:55  SCV  
  91  6:58  Marine  
  91  6:59  Marine x3  
  96  7:05  SCV x2, Siege Tank  
  101  7:11  Marine  
  102  7:18  Barracks  
  102  7:19  Barracks  
  102  7:21  Missile Turret  
  100  7:23  SCV x3, Medivac x2  
  107  7:33  Sensor Tower, Marine x5  
  112  7:41  SCV x3  
  115  7:47  Supply Depot  
  115  7:57  Siege Tank  
  106  8:06  Medivac x2  
  106  8:08  Marine x5  
  106  8:12  Barracks Reactor x2  
  114  8:15  Supply Depot  
  114  8:19  SCV x3  
  117  8:20  Armory  
  117  8:26  Marine x5  
  122  8:29  Missile Turret  
  122  8:38  Siege Tank  
  122  8:41  SCV x3  
  128  8:43  Supply Depot, Marine  
  128  8:44  Refinery, Marine  
  128  8:45  Refinery, Marine x3  
  132  9:01  Marine x2  
  132  9:02  Marine x4  
  126  9:03  SCV x3, Marine  
  126  9:07  Command Center  
  131  9:15  SCV x3  
  134  9:17  Supply Depot  
  134  9:20  Terran Infantry Weapons Level 2, Terran Infantry Armor Level 2, Refinery  
  134  9:22  Marine x5  
  139  9:27  Terran Vehicle Weapons Level 1  
  137  9:31  Supply Depot  
  137  9:34  Siege Tank  
  140  9:39  Marine x4  
  140  9:40  Marine x4  
  140  9:43  Supply Depot  
  148  9:52  Supply Depot  
  148  9:53  Medivac x2  
  151  10:06  Marine x8  
  151  10:07  Siege Tank  
  140  10:09  Factory  
  139  10:23  Medivac x2, Marine  
  139  10:24  Marine x7  
  139  10:25  Missile Turret  
  151  10:32  Barracks  
  151  10:33  SCV x2, Barracks  
  153  10:36  Barracks  
  153  10:39  Missile Turret  
  153  10:41  Siege Tank  
  156  10:44  Marine  
  156  10:45  Marine x4  
  156  10:46  Marine x2  
  156  10:48  Marine  
  164  10:51  Planetary Fortress  
  164  11:00  Factory Tech Lab  
  164  11:03  Marine x2  
  164  11:04  Marine x5  
  165  11:13  Siege Tank  
  153  11:19  Marine x3  
  153  11:21  Marine  
  141  11:26  Medivac x2  
  141  11:29  Marine x4  
  141  11:30  Marine x4  
  135  11:37  Marine x3  
  135  11:39  Marine  
  131  11:41  Siege Tank  
  127  11:47  Marine x5  
  127  11:54  Marine x4  
  109  11:55  Marine x2  
  108  12:03  Marine  
  108  12:05  Marine x3  
  112  12:09  Orbital Command  
  112  12:12  Medivac  
  116  12:16  Marine  
  116  12:21  Siege Tank, Marine  
  122  12:24  Marine x2  
  122  12:27  Marine  
  122  12:28  Marine  
  126  12:33  Marine  
  126  12:34  Marine x2  
  128  12:41  Marine x5  
  122  12:51  Marine  
  122  12:52  Marine x3  
  87  13:17  Marine x6  
  84  13:33  Marine  
  81  13:35  Marine x4  
  78  13:44  Medivac x2  
  79  13:51  Marine  
  79  13:53  Marine x4  
  84  14:09  Marine  
  85  14:10  Marine  
  85  14:11  Marine x3  
  81  14:27  Marine  
  76  14:32  Medivac x2  
  76  14:33  Marine  
  76  14:34  Marine x3  
  82  14:44  Marine  
  83  14:51  Marine x2  
  83  14:52  Marine x2  
  87  15:02  Marine  
  88  15:09  Marine x3  
  91  15:15  Marine  
  91  15:20  Marine  
  93  15:26  Refinery  
  93  15:27  Marine x3  
  93  15:28  Refinery  
  96  15:33  Marine  
  89  15:42  Marine  
  47  15:45  Marine x3  
  36  15:51  Marine  
  37  16:00  Marine  
  37  16:02  Marine  
  36  16:05  Marine  
  36  16:06  Marine  
  36  16:09  Marine  
  38  16:18  Marine  
Show
View Real Time Build Order
Export as new Build Order

ByuN Terran - Winner!

Build Orders: Gas First Reaper Expand, Hellion Opening 

Get SALT Encoding   

  12  0:01  SCV  
  13  0:13  SCV  
  14  0:16  Supply Depot  
  14  0:25  SCV  
  14  0:27  Refinery  
  15  0:38  SCV  
  16  0:43  Barracks  
  16  0:50  SCV  
  17  1:02  SCV  
  18  1:14  SCV  
  19  1:29  Orbital Command  
  19  1:30  Reaper  
  20  1:43  Command Center  
  20  1:52  Factory  
  20  1:55  SCV  
  21  2:04  Barracks Reactor, Refinery  
  21  2:07  SCV  
  22  2:12  Supply Depot  
  22  2:19  SCV  
  23  2:34  SCV  
  24  2:38  Starport  
  24  2:44  Hellion  
  24  2:45  Hellion  
  24  2:46  SCV  
  28  2:58  SCV  
  29  2:59  Orbital Command  
  29  3:03  Barracks Tech Lab  
  28  3:07  Hellion  
  28  3:09  Hellion  
  32  3:13  SCV  
  33  3:21  Refinery  
  33  3:24  SCV  
  33  3:25  SCV  
  33  3:26  Raven  
  39  3:34  Hellion  
  39  3:35  Hellion  
  39  3:40  SCV x2  
  43  3:47  Supply Depot  
  43  3:52  SCV  
  43  3:53  SCV  
  43  3:55  Supply Depot  
  45  4:01  Marine  
  46  4:08  SCV x2, Marine  
  46  4:09  Raven  
  51  4:10  Factory Tech Lab  
  51  4:19  Supply Depot, Marine  
  51  4:20  SCV x2  
  54  4:26  Marine  
  55  4:32  SCV x2, Siege Tank  
  55  4:37  Marine  
  61  4:42  Supply Depot  
  61  4:44  Marine  
  62  4:46  SCV  
  62  4:47  SCV  
  64  4:55  Raven, Marine  
  64  4:58  Supply Depot  
  67  5:01  Marine  
  68  5:07  SCV x2  
  68  5:08  Siege Tank  
  73  5:19  SCV x2  
  73  5:20  Command Center  
  75  5:21  Supply Depot  
  75  5:22  Marine x2  
  75  5:23  Refinery  
  77  5:31  SCV x2  
  79  5:39  Supply Depot  
  79  5:40  Siege Tank  
  82  5:43  SCV x2  
  82  5:46  Barracks x2  
  84  5:52  Viking  
  84  5:54  Viking  
  84  5:56  SCV x2  
  90  5:59  Marine  
  90  6:01  Stimpack  
  91  6:10  SCV x2  
  93  6:12  Siege Tank  
  96  6:18  Marine  
  96  6:23  Viking  
  96  6:24  Viking  
  101  6:31  SCV, Engineering Bay  
  101  6:32  SCV  
  103  6:34  Engineering Bay  
  103  6:35  Barracks Reactor x2  
  103  6:42  Supply Depot  
  103  6:43  Marine  
  103  6:44  Siege Tank  
  103  6:45  SCV x2  
  101  6:57  SCV  
  101  6:58  SCV  
  101  7:01  Marine  
  100  7:03  Orbital Command  
  100  7:10  SCV  
  100  7:11  SCV  
  100  7:13  Terran Infantry Weapons Level 1, Terran Infantry Armor Level 1  
  100  7:15  Marine  
  102  7:16  Marine x3  
  102  7:17  Siege Tank, Viking x2  
  102  7:19  Marine  
  114  7:23  SCV x2  
  116  7:33  Marine x2  
  116  7:34  Marine x2  
  116  7:35  Barracks  
  116  7:36  Marine  
  117  7:37  Barracks  
  117  7:39  SCV x3  
  117  7:41  Combat Shield  
  120  7:46  Supply Depot  
  120  7:47  Supply Depot  
  120  7:51  SCV x3  
  123  8:00  Marine x2  
  125  8:07  Marine x3  
  125  8:08  SCV, Siege Tank  
  125  8:10  Supply Depot, SCV x2, Refinery x2  
  125  8:11  Armory  
  134  8:16  Medivac  
  134  8:18  Medivac, Marine x2  
  140  8:20  SCV  
  140  8:25  Marine x2  
  143  8:30  Marine  
  143  8:31  Sensor Tower  
  143  8:33  SCV x2  
  146  8:36  Marine x2  
  146  8:38  Supply Depot, Barracks Reactor  
  149  8:43  Marine x2  
  149  8:44  Missile Turret  
  149  8:45  Armory  
  151  8:48  Marine  
  151  8:50  Barracks Reactor  
  151  8:54  Marine  
  145  8:56  Armory  
  145  8:58  SCV  
  145  8:59  SCV  
  145  9:01  Marine x2  
  145  9:02  Marine  
  149  9:05  Siege Tank  
  149  9:06  Marine  
  153  9:12  Marine  
  154  9:18  Marine x2  
  154  9:19  Marine x3  
  159  9:24  Marine  
  159  9:27  Missile Turret  
  159  9:28  Missile Turret  
  160  9:37  Terran Infantry Weapons Level 2, Terran Infantry Armor Level 2, Siege Tank  
  163  9:41  Marine x2  
  165  9:50  Supply Depot  
  165  9:56  Marine  
  165  10:00  Marine  
  165  10:01  Marine  
  165  10:11  Siege Tank, Marine x4  
  165  10:12  Marine  
  173  10:15  Factory, Terran Vehicle Weapons Level 1  
  173  10:19  Viking x2, Marine x2  
  173  10:20  Supply Depot, SCV x2  
  181  10:22  Terran Vehicle And Ship Armor Level 1  
  181  10:23  Barracks Reactor  
  181  10:24  Command Center  
  181  10:36  SCV, Marine x2  
  181  10:42  Marine x5  
  186  10:43  Siege Tank  
  186  10:47  Supply Depot  
  189  10:53  Command Center x2  
  187  11:08  Siege Tank  
  190  11:15  Siege Tank  
  185  11:19  Command Center, Marine x7  
  185  11:20  Marine  
  185  11:23  Marine x2  
  180  11:32  SCV x2  
  154  11:37  SCV, Marine x8  
  162  11:40  Siege Tank, Marine  
  162  11:41  Marine  
  162  11:44  SCV  
  168  11:48  Siege Tank  
  150  11:55  Marine x4  
  150  11:58  Marine  
  149  12:03  Marine  
  149  12:05  Marine  
  149  12:06  Liberator x2  
  157  12:12  Orbital Command  
  157  12:20  Siege Tank, Marine x3  
  163  12:25  Marine x3  
  166  12:41  Siege Tank  
  166  12:43  Marine  
  170  12:46  Marine  
  170  12:47  Marine  
  168  12:53  Siege Tank, Marine  
  168  12:57  Marine  
  140  13:13  Siege Tank, Marine x5  
  140  13:14  Marine x4  
  140  13:15  Marine, Orbital Command  
  151  13:25  Siege Tank  
  154  13:31  Marine x6  
  160  13:35  Marine x2  
  160  13:36  Marine x2  
  140  13:45  Siege Tank  
  128  13:49  Marine x2  
  130  14:01  Marine  
  131  14:03  Marine  
  131  14:04  Siege Tank  
  135  14:10  Marine x3  
  135  14:11  Orbital Command  
  135  14:16  Marine  
  135  14:17  Marine x2  
  128  14:18  Marine  
  128  14:22  Marine  
  128  14:23  Orbital Command  
  132  14:26  Marine  
  132  14:29  Siege Tank  
  126  14:37  Siege Tank  
  129  14:38  Engineering Bay  
  129  14:42  Medivac x2  
  129  14:43  Marine x4  
  137  14:55  SCV  
  137  14:56  SCV x2  
  137  14:58  Marine x6  
  146  15:01  Marine  
  147  15:12  Marine x3  
  147  15:13  Siege Tank x2  
  156  15:16  Marine x3  
  156  15:17  Planetary Fortress  
  156  15:19  Sensor Tower  
  159  15:25  Sensor Tower  
  159  15:31  Medivac  
  159  15:33  Medivac  
  162  15:35  Marine  
  162  15:37  Marine x2  
  162  15:40  Marine  
  162  15:41  Marine  
  132  15:43  Marine  
  132  15:45  Siege Tank  
  132  15:46  Marine x2  
  134  15:51  Marine  
  135  15:59  Marine  
  135  16:01  Marine  
  135  16:03  Marine x2  
  138  16:05  SCV x3  
  138  16:09  SCV  
  141  16:12  Marine  
  141  16:17  Marine  
  140  16:20  Marine  
Tags
 
Add a new tag
Caveats
  • Supply blocks, unpowered buildings, or Contaminate may cause inaccurate times.
  • Supply counts are checked every 10 seconds.